 Dungeon Crawl Stone Soup version 0.29.0-4-gdea44cf6ec (webtiles) character file.

Game seed: 8184330255843365359

5399 qw the Cleaver (level 10, -1/80 HPs)
             Began as a Formicid Cinder Acolyte on Sept 3, 2022.
             Was a Believer of Ignis.
             Slain by an orc knight
             ... wielding a +0 battleaxe
              (8 damage)
             ... on level 10 of the Dungeon.
             The game lasted 00:06:19 (10425 turns).

qw the Cleaver (Formicid Cinder Acolyte)           Turns: 10425, Time: 00:06:19

Health: -1/80      AC: 30    Str: 23    XL:     10   Next: 98%
Magic:  11/11      EV:  8    Int: 14    God:    Ignis [**....]
Gold:   455        SH:  0    Dex:  9    Spells: 11/11 levels left

rFire   + . .      SeeInvis +   b - +0 battleaxe
rCold   . . .      Faith    .   (no shield)
rNeg    . . .      Spirit   .   q - +0 chain mail
rPois   .          Reflect  .   (helmet unavailable)
rElec   .          Harm     .   (no cloak)
rCorr   .          Rampage  .   f - +2 pair of gloves
Will    +....                   l - +1 pair of boots
Stlth   ..........              (no amulet)
HPRegen 0.23/turn               i - +4 ring of protection
MPRegen 0.12/turn               r - +4 ring of protection

@: fiery-armoured
A: permanent stasis, dig shafts and tunnels, antennae 3, four strong arms
a: Dig, Shaft Self, Renounce Religion, Fiery Armour, Foxfire Swarm, Rising Flame


You were on level 10 of the Dungeon.
You worshipped Ignis.
Ignis was pleased with you.
You visited 1 branch of the dungeon, and saw 10 of its levels.

You collected 815 gold pieces.
You spent 360 gold pieces at shops.


Innate Abilities, Weirdness & Mutations

You cannot be hasted, slowed, berserked, paralysed or teleported.
You can dig through walls and to a lower floor.
You have a pair of large antennae on your head. (SInv)
Your four strong arms can wield two-handed weapons with a shield.


   Skills:
 - Level 8.0 Fighting
 + Level 12.1 Axes
 - Level 4.2 Throwing
 - Level 6.0 Armour
 - Level 2.0 Dodging
 - Level 1.1 Spellcasting
 - Level 3.0 Fire Magic


You had 11 spell levels left.
You didn't know any spells.
Your spell library contained the following spells:

 Spells                   Type           Power      Damage    Failure   Level
 Scorch                   Fire           18%        2d5       63%         2

Inventory:

Hand Weapons
 b - a +0 battleaxe (weapon)
 o - a +0 morningstar
Missiles
 c - a silver boomerang (quivered)
Armour
 f - a +2 pair of gloves (worn)
 l - a +1 pair of boots (worn)
 q - a +0 chain mail (worn)
Jewellery
 a - the ring of Miracles {rF+ rC- rN+++ Str+3 Int+6}
   (You found it on level 4 of the Dungeon)

   [ring of intelligence]

   Str:       It affects your strength (+3).
   Int:       It affects your intelligence (+6).
   rF:        It protects you from fire.
   rC:        It makes you vulnerable to cold.
   rN:        It renders you almost immune to negative energy.
 i - a +4 ring of protection (left hand)
 r - a +4 ring of protection (right hand)
 s - a ring of fire
Scrolls
 g - 2 scrolls of identify
Potions
 d - a potion of haste
 e - 6 potions of curing
 h - 4 potions of mutation
 k - a potion of cancellation
 p - 3 potions of might

Dungeon Overview and Level Annotations

Branches:
Dungeon (10/15)            Temple (0/1) D:7
   Lair: D:8-11         Orc: D:9-12

Altars:
Cheibriados
Gozag
Ru
Uskayaw
Xom
Yredelemnul

Shops:
D:6 =


Message History

The orc knight is burned by your cloak of flames.
The orc knight is moderately wounded.
You hit the orc knight.
The orc knight is moderately wounded.
You barely miss the orc warrior.
The orc knight hits you with a +0 battleaxe.
The orc knight is burned by your cloak of flames.
The orc knight is moderately wounded.
The orc warrior hits you but does no damage.
The orc warrior is burned by your cloak of flames.
The orc warrior is lightly wounded.
You slice the orc knight!!
The orc knight is heavily wounded.
You hit the orc warrior. You barely miss the orc warrior.
The orc knight hits you but does no damage.
The orc warrior hits you with a +0 hand axe!
The orc warrior is burned by your cloak of flames.
The orc warrior is moderately wounded.
The orc warrior hits you with a +0 dire flail!!
You barely miss the orc knight.
The orc knight is heavily wounded.
You barely miss the orc warrior. You slash the orc warrior!
The orc warrior hits you but does no damage. x2
You slash the orc warrior!
You kill the orc warrior!
You hit the orc. You closely miss the orc knight.
You hit the orc warrior but do no damage.
The orc warrior closely misses you. The orc closely misses you.
The orc knight hits you but does no damage.
The orc knight is burned by your cloak of flames.
The orc knight is severely wounded.
You completely miss the orc knight.
The orc knight is severely wounded.
You barely miss the orc warrior. You barely miss the orc.
The orc warrior hits you with a +0 dire flail.
The orc hits you with a +0 whip.
The orc is burned by your cloak of flames.
The orc is almost dead.
The orc knight hits you with a +0 battleaxe!
You die...

#..... #.....
####..... {
#.......#
#.#...#.########
#.......##.....#
......oo##.....#
#....)@o......#
......#.##<)...#
###+# #.##.....#
#.######## #.#
#.# #.# ###


You could see an orc knight, an orc warrior (strong) and an orc (strong).

Vanquished Creatures
  A two-headed ogre (D:10)
  An unseen horror zombie (D:8)
  Grinder (D:4)
  2 wyverns (D:8)
  A yak (D:4)
  A water moccasin (D:7)
  An orc warrior (D:10)
  A hornet zombie (D:8)
  A sky beast (D:7)
  A black bear (D:5)
  2 centaurs
  An ogre (D:5)
  2 phantoms
  4 kobold brigands
  A wyvern zombie (D:8)
  5 bullfrogs
  2 gnoll sergeants (D:7)
  4 scorpions
  2 necrophages
  3 wights (D:8)
  11 killer bees (D:9)
  3 howler monkeys
  2 centaur zombies (D:8)
  A gnoll bouda (D:5)
  5 hounds
  2 orc priests
  5 iguanas
  8 orc wizards
  2 killer bee zombies (D:8)
  2 howler monkey zombies (D:8)
  Robin (D:4)
  8 adders
  16 gnolls
  2 white imps
  3 ufetubi
  4 worms
  3 dart slugs
  30 orcs
  13 ball pythons
  9 endoplasms
  3 giant cockroaches
  12 goblins
  9 hobgoblins
  14 jackals (D:5)
  28 kobolds
  6 quokkas
  7 bats
  8 frilled lizards
  11 rats
265 creatures vanquished.

Vanquished Creatures (collateral kills)
  2 gnolls (D:5)
2 creatures vanquished.

Vanquished Creatures (others)
  A gnoll (D:5)
  5 fungi (D:9)
  A plant (D:5)
7 creatures vanquished.

Grand Total: 274 creatures vanquished

Notes
Turn   | Place    | Note
-------+----------+-------------------------------------------
     0 | D:1      | qw the Formicid Cinder Acolyte began the quest for the Orb.
     0 | D:1      | Reached XP level 1. HP: 18/18 MP: 2/2
     0 | D:1      | 0 ||| qw: Version: 0.1-a-102-g441f92d
     0 | D:1      | 0 ||| qw: Game counter: 5120
     0 | D:1      | 0 ||| qw: Always use a shield: true
     0 | D:1      | 0 ||| qw: God list: Okawaru
     0 | D:1      | 0 ||| qw: Allow faded altars: false
     0 | D:1      | 0 ||| qw: Do Orc after D:15 true
     0 | D:1      | 0 ||| qw: Do second Lair branch before Depths: true
     0 | D:1      | 0 ||| qw: Lair rune preference: random
     0 | D:1      | 0 ||| qw: Plans: Normal
     0 | D:1      | 0 ||| PLANNING D:1-11
   109 | D:1      | Reached XP level 2. HP: 23/24 MP: 3/3
   136 | D:1      | 136 ||| INVOKING Fiery Armour.
   407 | D:1      | Reached skill level 4 in Axes
   407 | D:1      | Reached XP level 3. HP: 29/29 MP: 4/4
   707 | D:1      | Reached skill level 1 in Dodging
   743 | D:1      | Found a faded altar of an unknown god.
  1232 | D:1      | 1232 ||| UPGRADING to +1 pair of gloves.
  1237 | D:1      | 1237 ||| UPGRADING to +0 leather armour.
  1247 | D:1      | 1247 ||| DROPPING +0 robe.
  1248 | D:1      | 1248 ||| READING scroll labelled LAUCISAOFA.
  1249 | D:1      | 1249 ||| READING 2 scrolls labelled PAOTREPTASK.
  1250 | D:1      | 1250 ||| READING scroll labelled QAUMMI BEANOR.
  1251 | D:1      | 1251 ||| READING scroll labelled GIRAOQ RAOJEOFF.
  1352 | D:1      | 1352 ||| DROPPING scroll of poison.
  1410 | D:2      | Reached XP level 4. HP: 25/35 MP: 5/5
  1623 | D:2      | 1623 ||| Stepping ~*~*~tactically~*~*~ (stealth).
  1661 | D:2      | 1661 ||| Stepping ~*~*~tactically~*~*~ (stealth).
  1820 | D:2      | 1820 ||| Stepping ~*~*~tactically~*~*~ (stealth).
  2182 | D:2      | 2182 ||| FLEEEEING.
  2183 | D:2      | 2183 ||| FLEEEEING.
  2184 | D:2      | 2184 ||| FLEEEEING.
  2185 | D:2      | 2185 ||| FLEEEEING.
  2186 | D:2      | 2186 ||| FLEEEEING.
  2187 | D:2      | 2187 ||| FLEEEEING.
  2414 | D:2      | 2414 ||| UPGRADING to +0 ring mail.
  2424 | D:2      | 2424 ||| DROPPING +0 leather armour.
  2425 | D:2      | 2425 ||| READING scroll labelled JOUD ITAODAPIF.
  2426 | D:2      | 2426 ||| READING scroll labelled ORCHET GORUHYA.
  2427 | D:2      | 2427 ||| DRINKING 3 silvery potions.
  2428 | D:2      | 2428 ||| READING 2 scrolls of identify.
  2428 | D:2      | 2428 ||| IDENTIFYING smoky purple potion
  2429 | D:2      | 2429 ||| DROPPING potion of attraction.
  2470 | D:3      | Reached skill level 1 in Armour
  2470 | D:3      | Reached XP level 5. HP: 40/41 MP: 6/6
  2624 | D:3      | 2624 ||| INVOKING Fiery Armour.
  2630 | D:3      | Reached skill level 5 in Axes
  2877 | D:3      | 2877 ||| Stepping ~*~*~tactically~*~*~ (stealth).
  2880 | D:3      | 2880 ||| Stepping ~*~*~tactically~*~*~ (stealth).
  3052 | D:3      | 3052 ||| Stepping ~*~*~tactically~*~*~ (stealth).
  3054 | D:3      | 3054 ||| Stepping ~*~*~tactically~*~*~ (stealth).
  3329 | D:3      | 3329 ||| UPGRADING to +4 ring of protection.
  3330 | D:3      | 3330 ||| READING scroll labelled IRAONU ZIUTURO.
  3331 | D:3      | 3331 ||| READING scroll labelled MATHRA FAUCUE.
  3332 | D:3      | 3332 ||| DRINKING 2 ruby potions.
  3333 | D:3      | 3333 ||| DRINKING 2 sedimented silvery potions.
  3334 | D:3      | 3334 ||| READING 2 scrolls of identify.
  3334 | D:3      | 3334 ||| IDENTIFYING fizzy grey potion
  3335 | D:3      | 3335 ||| DROPPING potion of degeneration.
  3336 | D:3      | 3336 ||| DROPPING potion of magic.
  3360 | D:4      | 3360 ||| PLANNING SEWER
  3362 | D:4      | 3362 ||| Stepping ~*~*~tactically~*~*~ (stealth).
  3416 | D:4      | Noticed a bullfrog
  3420 | D:4      | 3420 ||| Stepping ~*~*~tactically~*~*~ (hiding).
  3429 | D:4      | Reached XP level 6. HP: 45/47 MP: 7/7
  3436 | D:4      | Reached skill level 6 in Axes
  3451 | D:4      | Noticed a yak
  3452 | D:4      | 3452 ||| FLEEEEING.
  3458 | D:4      | 3458 ||| INVOKING Fiery Armour.
  3460 | D:4      | HP: 11/47 [yak (2)]
  3461 | D:4      | 3461 ||| DRINKING 2 potions of heal wounds.
  3462 | D:4      | Killed a yak
  3463 | D:4      | Reached XP level 7. HP: 46/56 MP: 8/8
  3470 | D:4      | 3470 ||| FLEEEEING.
  3471 | D:4      | 3471 ||| FLEEEEING.
  3472 | D:4      | 3472 ||| FLEEEEING.
  3476 | D:4      | 3476 ||| FLEEEEING.
  3477 | D:4      | 3477 ||| FLEEEEING.
  3478 | D:4      | 3478 ||| FLEEEEING.
  3479 | D:4      | 3479 ||| FLEEEEING.
  3480 | D:4      | 3480 ||| FLEEEEING.
  3485 | D:4      | 3485 ||| STAIRDANCE
  3522 | D:4      | 3522 ||| STAIRDANCE
  3756 | D:4      | Identified the ring of Miracles {rF+ rC- rN+++ Str+3 Int+6}
  3779 | D:4      | Reached skill level 7 in Axes
  3838 | D:4      | Noticed Grinder
  3840 | D:4      | 3840 ||| Stepping ~*~*~tactically~*~*~ (stealth).
  3841 | D:4      | 3841 ||| Stepping ~*~*~tactically~*~*~ (hiding).
  3844 | D:4      | 3844 ||| Stepping ~*~*~tactically~*~*~ (hiding).
  3869 | D:4      | Killed Grinder
  3870 | D:4      | Reached XP level 8. HP: 50/62 MP: 9/9
  3938 | D:4      | Found a hide-covered altar of Uskayaw.
  3990 | D:4      | 3990 ||| RIP SEWER
  3992 | D:4      | 3992 ||| PLANNING D:1-11
  3994 | D:4      | 3994 ||| Stepping ~*~*~tactically~*~*~ (stealth).
  4206 | D:4      | Noticed Robin
  4207 | D:4      | 4207 ||| Stepping ~*~*~tactically~*~*~ (hiding).
  4208 | D:4      | 4208 ||| Stepping ~*~*~tactically~*~*~ (hiding).
  4213 | D:4      | 4213 ||| INVOKING Fiery Armour.
  4215 | D:4      | Killed Robin
  4221 | D:4      | Reached skill level 8 in Axes
  4470 | D:4      | 4470 ||| UPGRADING to +0 pair of boots.
  4475 | D:4      | 4475 ||| UPGRADING to ring of Miracles {rF+ rC- rN+++ Str+3
                  | Int+6}.
  4476 | D:4      | 4476 ||| READING scroll labelled FOAHUL QE ULUST.
  4532 | D:4      | 4532 ||| DROPPING +0 club.
  4533 | D:4      | 4533 ||| READING 2 scrolls of identify.
  4533 | D:4      | 4533 ||| IDENTIFYING purple potion
  4543 | D:5      | Entered Level 5 of the Dungeon
  4549 | D:5      | 4549 ||| Stepping ~*~*~tactically~*~*~ (hiding).
  4736 | D:5      | 4736 ||| Stepping ~*~*~tactically~*~*~ (hiding).
  4800 | D:5      | 4800 ||| DROPPING +0 whip of draining.
  4870 | D:5      | 4870 ||| INVOKING Fiery Armour.
  4882 | D:5      | Reached skill level 9 in Axes
  4967 | D:5      | 4967 ||| Stepping ~*~*~tactically~*~*~ (stealth).
  5086 | D:5      | 5086 ||| Stepping ~*~*~tactically~*~*~ (stealth).
  5096 | D:5      | Reached skill level 6 in Fighting
  5176 | D:5      | 5176 ||| Stepping ~*~*~tactically~*~*~ (stealth).
  5229 | D:5      | 5229 ||| Stepping ~*~*~tactically~*~*~ (stealth).
  5444 | D:5      | Reached XP level 9. HP: 64/69 MP: 10/10
  5494 | D:5      | 5494 ||| FLEEEEING.
  5523 | D:5      | 5523 ||| FLEEEEING.
  5524 | D:5      | 5524 ||| FLEEEEING.
  5525 | D:5      | 5525 ||| FLEEEEING.
  5526 | D:5      | 5526 ||| FLEEEEING.
  5527 | D:5      | 5527 ||| FLEEEEING.
  5533 | D:5      | 5533 ||| STAIRDANCE
  5634 | D:4      | 5634 ||| READING scroll labelled NEUDUCWOBUT.
  5682 | D:5      | 5682 ||| Stepping ~*~*~tactically~*~*~ (stealth).
  5712 | D:5      | 5712 ||| FLEEEEING.
  5713 | D:5      | 5713 ||| FLEEEEING.
  5714 | D:5      | 5714 ||| FLEEEEING.
  5715 | D:5      | 5715 ||| FLEEEEING.
  5716 | D:5      | 5716 ||| FLEEEEING.
  5717 | D:5      | 5717 ||| FLEEEEING.
  5718 | D:5      | 5718 ||| FLEEEEING.
  5719 | D:5      | 5719 ||| FLEEEEING.
  5720 | D:5      | 5720 ||| FLEEEEING.
  5813 | D:5      | 5813 ||| SWAPPING to +0 war axe.
  5814 | D:5      | 5814 ||| DROPPING +0 hand axe of chaos.
  5830 | D:5      | 5830 ||| Stepping ~*~*~tactically~*~*~ (stealth).
  5850 | D:5      | 5850 ||| Stepping ~*~*~tactically~*~*~ (stealth).
  5851 | D:5      | 5851 ||| Stepping ~*~*~tactically~*~*~ (stealth).
  5865 | D:5      | 5865 ||| Stepping ~*~*~tactically~*~*~ (stealth).
  6016 | D:5      | Reached skill level 10 in Axes
  6049 | D:5      | 6049 ||| UPGRADING to +0 chain mail.
  6059 | D:5      | 6059 ||| DROPPING +0 ring mail.
  6060 | D:5      | 6060 ||| READING 2 scrolls of identify.
  6060 | D:5      | 6060 ||| IDENTIFYING coppery potion
  6061 | D:5      | 6061 ||| DROPPING potion of berserk rage.
  6115 | D:6      | 6115 ||| SWAPPING to +1 war axe of freezing.
  6116 | D:6      | 6116 ||| DROPPING +0 war axe.
  6127 | D:6      | 6127 ||| Stepping ~*~*~tactically~*~*~ (stealth).
  6128 | D:6      | 6128 ||| Stepping ~*~*~tactically~*~*~ (stealth).
  6132 | D:6      | 6132 ||| Stepping ~*~*~tactically~*~*~ (stealth).
  6136 | D:6      | 6136 ||| Stepping ~*~*~tactically~*~*~ (stealth).
  6145 | D:6      | 6145 ||| Stepping ~*~*~tactically~*~*~ (stealth).
  6147 | D:6      | Reached skill level 3 in Armour
  6165 | D:6      | 6165 ||| INVOKING Fiery Armour.
  6402 | D:6      | 6402 ||| Stepping ~*~*~tactically~*~*~ (stealth).
  6515 | D:6      | 6515 ||| FLEEEEING.
  6516 | D:6      | 6516 ||| FLEEEEING.
  6517 | D:6      | 6517 ||| FLEEEEING.
  6518 | D:6      | 6518 ||| FLEEEEING.
  6519 | D:6      | 6519 ||| FLEEEEING.
  6520 | D:6      | 6520 ||| FLEEEEING.
  6524 | D:6      | 6524 ||| FLEEEEING.
  6534 | D:6      | 6534 ||| FLEEEEING.
  6535 | D:6      | 6535 ||| FLEEEEING.
  6536 | D:6      | 6536 ||| FLEEEEING.
  6537 | D:6      | 6537 ||| FLEEEEING.
  6538 | D:6      | 6538 ||| FLEEEEING.
  6539 | D:6      | 6539 ||| FLEEEEING.
  6540 | D:6      | 6540 ||| FLEEEEING.
  6541 | D:6      | 6541 ||| FLEEEEING.
  6665 | D:6      | Found Ottaesi's Jewellery Shop.
  6668 | D:6      | 6668 ||| BUYING +4 ring of protection (360 gold).
  6668 | D:6      | Bought a +4 ring of protection for 360 gold pieces
  6668 | D:6      | 6668 ||| SHOPLISTING amulet of reflection (300 gold, have
                  | 44).
  6668 | D:6      | 6668 ||| SHOPLISTING ring "Xaaz" {Ice rElec Str+6 Dex+4}
                  | (600 gold, have 44).
  6668 | D:6      | 6668 ||| SHOPLISTING ring of Syndicalism {rPois Str+6} (472
                  | gold, have 44).
  6668 | D:6      | 6668 ||| SHOPLISTING ring of fire (250 gold, have 44).
  6766 | D:6      | Found a snail-covered altar of Cheibriados.
  6856 | D:6      | 6856 ||| UPGRADING to +4 ring of protection.
  6858 | D:6      | 6858 ||| READING scroll labelled IFIRAI RIOPEERCH.
  6859 | D:6      | 6859 ||| DRINKING 2 bubbling red potions.
  6860 | D:6      | 6860 ||| READING 3 scrolls of identify.
  6860 | D:6      | 6860 ||| IDENTIFYING metallic coppery potion
  6861 | D:6      | 6861 ||| READING 2 scrolls of identify.
  6861 | D:6      | 6861 ||| IDENTIFYING fuming purple potion
  6862 | D:6      | 6862 ||| DROPPING potion of flight.
  6863 | D:6      | 6863 ||| DROPPING potion of invisibility.
  6893 | D:7      | 6893 ||| READING scroll of enchant weapon.
  6893 | D:7      | 6893 ||| ENCHANTING +1 war axe of freezing.
  6898 | D:7      | 6898 ||| Stepping ~*~*~tactically~*~*~ (hiding).
  7255 | D:7      | Found a sacrificial altar of Ru.
  7420 | D:7      | Found a staircase to the Ecumenical Temple.
  7530 | D:7      | 7530 ||| Stepping ~*~*~tactically~*~*~ (hiding).
  7531 | D:7      | 7531 ||| Stepping ~*~*~tactically~*~*~ (hiding).
  7606 | D:7      | Found a shimmering altar of Xom.
  7834 | D:7      | Reached skill level 11 in Axes
  7834 | D:7      | Reached XP level 10. HP: 79/79 MP: 11/11
  7929 | D:7      | 7929 ||| DROPPING orb of guile.
  7930 | D:7      | 7930 ||| DROPPING +6 ring of dexterity.
  7931 | D:7      | 7931 ||| READING scroll labelled HUNOSO XAFEREU.
  7932 | D:7      | 7932 ||| READING 2 scrolls labelled GIKOIFFIOREQ.
  7933 | D:7      | 7933 ||| READING scroll of enchant armour.
  7933 | D:7      | 7933 ||| ENCHANTING +1 pair of gloves.
  7934 | D:7      | 7934 ||| READING scroll labelled WUDOG WONUO.
  7935 | D:7      | 7935 ||| READING scroll labelled LEDAOM BANUA.
  7936 | D:7      | 7936 ||| READING 4 scrolls of identify.
  7936 | D:7      | 7936 ||| IDENTIFYING murky orange potion
  7937 | D:7      | 7937 ||| READING 3 scrolls of identify.
  7937 | D:7      | 7937 ||| IDENTIFYING bubbling golden potion
  7938 | D:7      | 7938 ||| DROPPING potion of brilliance.
  8049 | D:8      | 8049 ||| READING scroll of brand weapon.
  8049 | D:8      | 8049 ||| BRANDING +2 war axe of freezing.
  8051 | D:8      | 8051 ||| Stepping ~*~*~tactically~*~*~ (hiding).
  8121 | D:8      | 8121 ||| SWAPPING to +0 battleaxe.
  8122 | D:8      | 8122 ||| DROPPING +2 vorpal war axe.
  8167 | D:8      | 8167 ||| Stepping ~*~*~tactically~*~*~ (stealth).
  8185 | D:8      | 8185 ||| INVOKING Fiery Armour.
  8187 | D:8      | HP: 16/78 [wight/+4 halberd (9)]
  8188 | D:8      | 8188 ||| DRINKING potion of heal wounds.
  8746 | D:8      | 8746 ||| Stepping ~*~*~tactically~*~*~ (stealth).
  8753 | D:8      | 8753 ||| Stepping ~*~*~tactically~*~*~ (stealth).
  8756 | D:8      | 8756 ||| Stepping ~*~*~tactically~*~*~ (stealth).
  8757 | D:8      | 8757 ||| Stepping ~*~*~tactically~*~*~ (stealth).
  8758 | D:8      | 8758 ||| Stepping ~*~*~tactically~*~*~ (stealth).
  9094 | D:8      | 9094 ||| Stepping ~*~*~tactically~*~*~ (stealth).
  9098 | D:8      | Found a basalt altar of Yredelemnul.
  9107 | D:8      | Reached skill level 1 in Throwing
  9564 | D:8      | 9564 ||| DROPPING +6 ring of strength.
  9721 | D:9      | Found an opulent altar of Gozag.
  9735 | D:9      | 9735 ||| Stepping ~*~*~tactically~*~*~ (stealth).
  9737 | D:9      | 9737 ||| Stepping ~*~*~tactically~*~*~ (stealth).
  9778 | D:9      | 9778 ||| INVOKING Fiery Armour.
  9783 | D:9      | Reached skill level 12 in Axes
  9840 | D:9      | 9840 ||| Stepping ~*~*~tactically~*~*~ (stealth).
  9850 | D:9      | Reached skill level 6 in Armour
  9987 | D:9      | 9987 ||| READING scroll of enchant armour.
  9987 | D:9      | 9987 ||| ENCHANTING +0 pair of boots.
 10023 | D:9      | 10023 ||| Stepping ~*~*~tactically~*~*~ (hiding).
 10267 | D:10     | Entered Level 10 of the Dungeon
 10267 | D:10     | Noticed a two-headed ogre
 10278 | D:10     | Killed a two-headed ogre
 10279 | D:10     | 10279 ||| STAIRDANCE
 10414 | D:10     | Noticed an orc knight
 10415 | D:10     | 10415 ||| INVOKING Fiery Armour.
 10422 | D:10     | HP: 14/80 [orc warrior/+0 dire flail (26)]
 10425 | D:10     | Slain by an orc knight

Levels and vault maps discovered:
D:1:      dpeg_arrival_round_b, layout_basic,
          hellmonk_ecumenical_altar_arch_garden
D:2:      layout_loops_ring, corexii_hall_statues_i
D:3:      layout_basic, grunt_ministairs_8
D:4:      layout_rooms, nicolae_uskayaw_dance_hall, gup_sewer_entry_bubbles,
          minmay_manual_mail, uniq_grinder, uniq_robin
D:5:      lemuel_castle_with_subvaults [lemuel_castle_interior_carwin_2],
          layout_gridville, dreamdust_princess_bridge, grunt_ministairs_6
D:6:      layout_basic, general_overflow_altar, serial_shops,
          kennysheep_mini_moat, nicolae_underground_beach
D:7:      layout_loops_ring, nicolae_ru_sacrificial_ziggurat, tgw_xom,
          minmay_temple_entry_large_hall, minivault_11, glass_columns_c
D:8:      layout_layer_cave, nicolae_yredelemnul_corpse_copse
D:9:      layout_rooms, grunt_gozag_statues, dreamdust_mushroom_princess
D:10:     layout_loops_cross, orc_david_3, kennysheep_minor_cross,
          grunt_ministairs_9, minivault_22, uniq_erica

Skill      XL: |  1  2  3  4  5  6  7  8  9 10 |
---------------+-------------------------------+-----
Axes           | 4 5 6 7 9 11 12 | 12.1
Dodging        | 1 2 |  2.0
Armour         | 1 2 5 6 |  6.0
Fighting       | 5 6 7 8 |  8.0
Throwing       | 4 |  4.2
Spellcasting   | |  1.1
Fire Magic     | |  3.0

Action                   |  1- 3 |  4- 6 |  7- 9 | 10-12 || total
-------------------------+-------+-------+-------+-------++-------
Melee: Hand axe          |    83 |   160 |   261 |       ||   504
       Punch             |       |     1 |     4 |     3 ||     8
       War axe           |       |       |   152 |    16 ||   168
       Battleaxe         |       |       |       |   155 ||   155
Throw: Boomerang         |       |       |       |    14 ||    14
Invok: Fiery Armour      |     1 |     2 |     3 |     3 ||     9
  Use: Scroll            |     4 |     6 |     8 |     9 ||    27
       Potion            |       |     4 |     1 |     1 ||     6
 Stab: Paralysed         |       |       |     3 |       ||     3
Armor: Robe              |    20 |       |       |       ||    20
       Leather armour    |     3 |    10 |       |       ||    13
       Ring mail         |       |    23 |   106 |       ||   129
       Chain mail        |       |       |    95 |   176 ||   271
Dodge: Dodged            |    43 |    85 |   174 |   112 ||   414

Table legend:
 A = Non-vault XP
 B = Vault XP
 C = Vault XP percentage of total XP
 D = Non-vault monster count
 E = Vault monster count
 F = Vault count percentage of total count
                 A         B        C        D         E       F
            +---------+---------+-------+---------+---------+-------
      Total |    5234 |    2480 |  32.1 |     169 |      98 |  36.7
            +---------+---------+-------+---------+---------+-------
        D:1 |      53 |       0 |   0.0 |      31 |       0 |   0.0
        D:2 |      57 |       0 |   0.0 |      18 |       0 |   0.0
        D:3 |     236 |       3 |   1.3 |      18 |       2 |  10.0
        D:4 |     176 |     746 |  80.9 |      14 |      29 |  67.4
        D:5 |     453 |     651 |  59.0 |       7 |      53 |  88.3
        D:6 |     560 |       0 |   0.0 |      18 |       0 |   0.0
        D:7 |     917 |     130 |  12.4 |      16 |       3 |  15.8
        D:8 |     919 |     814 |  47.0 |      21 |      10 |  32.3
        D:9 |    1031 |       0 |   0.0 |      25 |       0 |   0.0
       D:10 |     832 |     136 |  14.0 |       1 |       1 |  50.0
            +---------+---------+-------+---------+---------+-------
